AoeStats
← Samaia92

Arabia

507858272Analyzed
1v1 RM · 14d ago on Sep 20, 2026· 61m 2s· 2 players
Game mode
Random Map
Map size
Tiny (2 player)
Population
200
Speed
Normal
Resources
Standard
Victory
Conquest
Starting age
Dark Age
Ending age
Imperial Age
RankedLock teamsTeams togetherTeam positionsShared explorationLock speedFull tech treeHidden civsTurbo modeCheats
Victory
Defeat
🇺🇸 Portuguese · United States
522
+13
🇺🇸 Ethiopians · United States
448
-13
SeamusBosun970
14:00 Feudal Age
16:30 Wheelbarrow
15:43 Double-Bit Axe
15:45 Horse Collar
16:35 Gold Mining
25:43 Padded Archer Armor
27:13 Fletching
30:58 Castle Age
31:30 Forging
31:29 Scale Barding Armor
31:54 Bow Saw
32:03 Hand Cart
34:50 Husbandry
36:17 Heavy Plow
37:35 Crossbowman
40:38 Leather Archer Armor
44:26 Thumb Ring
46:54 Gold Shaft Mining
54:46 Bodkin Arrow
Samaia92
8:29 Loom
10:15 Feudal Age
12:52 Double-Bit Axe
16:37 Fletching
22:35 Castle Age
23:09 Horse Collar
25:14 Elite Skirmisher
26:32 Bow Saw
26:49 Padded Archer Armor
28:49 Leather Archer Armor
32:06 Bodkin Arrow
36:41 Imperial Age
35:28 Wheelbarrow
36:34 Pikeman
37:00 Gambesons
37:46 Forging
37:37 Scale Mail Armor
37:24 Halberdier
39:05 Chain Mail Armor
39:26 Iron Casting
38:53 Gold Mining
38:58 Stone Mining
40:16 Two-Man Saw
39:20 Heavy Plow
40:41 Plate Mail Armor
40:17 Heated Shot
41:33 Chemistry
45:02 Ballistics
47:05 Thumb Ring
48:02 Onager
49:33 Hand Cart
57:43 Elite Organ Gun
Connection lost

Rejoining the realm…

Still unreachable

The connection could not be restored.

Session expired

The server has moved on; the page needs a fresh start.